TOP OF THE 1ST |
Peoria Chiefs batting - Pitching for Atlanta (MID) Braves : RHP Jae-young Jhang
|
Pitching: RHP Jae-young Jhang
|
|
Batting: SHB Bobby O'Leary
|
0-0: Ball 1-0: Called Strike 1-1: Swinging Strike 1-2: Ground out 5-3 (Groundball, 56, EV 85.0 MPH)
|
Batting: RHB Melvin Enriquez
|
0-0: Fly out, F8 (Flyball, 8RD, EV 93.1 MPH)
|
Batting: LHB Shigeru Ono
|
0-0: Called Strike 0-1: Ball 1-1: Fly out, F7 (Flyball, 7S, EV 86.9 MPH)
|
Top of the 1st over - 0 runs, 0 hits, 0 errors, 0 left on base; Peoria 0 - Atlanta (MID) 0 |
BOTTOM OF THE 1ST |
Atlanta (MID) Braves batting - Pitching for Peoria Chiefs : RHP Tristan Johnson
|
Pitching: RHP Tristan Johnson
|
|
Batting: LHB Kevin Kantor
|
0-0: Swinging Strike 0-1: Ball 1-1: Called Strike 1-2: SINGLE (Groundball, 4MD, EV 106.9 MPH)
|
Batting: SHB Brandon McClain
|
0-0: Ball Kevin Kantor is caught stealing 2nd base 2-6 1-0: Foul Ball, location: 2F 1-1: Foul Ball, location: 2F 1-2: Foul Ball, location: 2F 1-2: SINGLE (Groundball, 4MD, EV 106.2 MPH)
|
Batting: RHB Xavier Davis
|
0-0: Foul Ball, location: 2F 0-1: Swinging Strike 0-2: Fly out, F9 (Flyball, 9, EV 91.9 MPH)
|
Batting: RHB Corey Dalton
|
0-0: Called Strike Brandon McClain steals 2nd base 0-1: Called Strike 0-2: Fly out, F8 (Line Drive, 8LD, EV 90.0 MPH)
|
Bottom of the 1st over - 0 runs, 2 hits, 0 errors, 1 left on base; Peoria 0 - Atlanta (MID) 0 |
TOP OF THE 2ND |
Peoria Chiefs batting - Pitching for Atlanta (MID) Braves : RHP Jae-young Jhang
|
Batting: RHB Terry Baginski
|
0-0: Swinging Strike 0-1: Ball 1-1: SOLO HOME RUN (Flyball, 7LD, EV 94.4 MPH), Distance : 352 ft
|
Batting: RHB Travis Leonard
|
0-0: Ball 1-0: Ball 2-0: Called Strike 2-1: Foul Ball, location: 2F 2-2: Ball 3-2: Fly out, F8 (Line Drive, 8LM, EV 93.1 MPH)
|
Batting: LHB Robert Rauda
|
0-0: Called Strike 0-1: Foul Ball, location: 2F 0-2: Strikes out swinging
|
Batting: RHB Justin Reich
|
0-0: Ball 1-0: Swinging Strike 1-1: Ground out 6-3 (Groundball, 6D, EV 108.1 MPH)
|
Top of the 2nd over - 1 run, 1 hit, 0 errors, 0 left on base; Peoria 1 - Atlanta (MID) 0 |
BOTTOM OF THE 2ND |
Atlanta (MID) Braves batting - Pitching for Peoria Chiefs : RHP Tristan Johnson
|
Batting: RHB Mike Shook
|
0-0: Ball 1-0: Foul Ball, location: 2F 1-1: Called Strike 1-2: Foul Ball, location: 2F 1-2: Ball 2-2: Foul Ball, location: 2F 2-2: Fly out, F7 (Line Drive, 7D, EV 91.2 MPH)
|
Batting: SHB Richello Badua
|
0-0: SINGLE (Groundball, 34D, EV 103.8 MPH)
|
Batting: LHB Tommy Williams
|
0-0: Ball 1-0: Ball Richello Badua steals 2nd, throwing error, E2 Richello Badua to third 2-0: SINGLE (Groundball, 25, EV 64.4 MPH) (infield hit)
|
Batting: RHB Johnny Burroughs
|
0-0: Ball 1-0: Ball 2-0: Fly out, F6 (Popup, 6M, EV 76.2 MPH)
|
Batting: LHB Mark Thomas
|
0-0: Foul Ball, location: 2F 0-1: Ball 1-1: Foul Ball, location: 2F 1-2: Foul Ball, location: 2F 1-2: Foul Ball, location: 2F 1-2: Ground out 5-3 (Groundball, 5S, EV 66.9 MPH)
|
Bottom of the 2nd over - 0 runs, 2 hits, 1 error, 2 left on base; Peoria 1 - Atlanta (MID) 0 |
TOP OF THE 3RD |
Peoria Chiefs batting - Pitching for Atlanta (MID) Braves : RHP Jae-young Jhang
|
Batting: RHB Josh Martin
|
0-0: Ball 1-0: Ball 2-0: Called Strike 2-1: Called Strike 2-2: Ground out 5-3 (Groundball, 5, EV 89.4 MPH)
|
Batting: RHB Perry Huse
|
0-0: Ball 1-0: Ground out 5-3 (Groundball, 56S, EV 64.4 MPH)
|
Batting: SHB Bobby O'Leary
|
0-0: Ball 1-0: Ball 2-0: Ball 3-0: Base on Balls
|
Batting: RHB Melvin Enriquez
|
0-0: Fielders Choice at 2nd, 6-4 (Groundball, 6, EV 89.4 MPH)
|
Top of the 3rd over - 0 runs, 0 hits, 0 errors, 1 left on base; Peoria 1 - Atlanta (MID) 0 |
BOTTOM OF THE 3RD |
Atlanta (MID) Braves batting - Pitching for Peoria Chiefs : RHP Tristan Johnson
|
Batting: LHB Kevin Kantor
|
0-0: Ball 1-0: Ball 2-0: Swinging Strike 2-1: Foul Ball, location: 2F 2-2: Foul Ball, location: 2F 2-2: Fly out, F7 (Flyball, 7LS, EV 76.2 MPH)
|
Batting: SHB Brandon McClain
|
0-0: Ball 1-0: Foul Ball, location: 2F 1-1: Ball 2-1: Foul Ball, location: 2F 2-2: Ball 3-2: Strikes out swinging
|
Batting: RHB Xavier Davis
|
0-0: Called Strike 0-1: Ball 1-1: DOUBLE (Line Drive, 8RXD, EV 106.2 MPH)
|
Batting: RHB Corey Dalton
|
0-0: Foul Ball, location: 2F 0-1: Fly out, F8 (Flyball, 8RM, EV 91.2 MPH)
|
Bottom of the 3rd over - 0 runs, 1 hit, 0 errors, 1 left on base; Peoria 1 - Atlanta (MID) 0 |
TOP OF THE 4TH |
Peoria Chiefs batting - Pitching for Atlanta (MID) Braves : RHP Jae-young Jhang
|
Batting: LHB Shigeru Ono
|
0-0: Ball 1-0: Fly out, F4 (Popup, 13S, EV 90.0 MPH)
|
Batting: RHB Terry Baginski
|
0-0: Foul Ball, location: 2F 0-1: Ball 1-1: Foul Ball, location: 2F 1-2: Foul Ball, location: 2F 1-2: Foul Ball, location: 2F 1-2: Ball 2-2: Ground out 4-3 (Groundball, 4, EV 89.4 MPH)
|
Batting: RHB Travis Leonard
|
0-0: Ground out 5-3 (Groundball, 56S, EV 85.6 MPH)
|
Top of the 4th over - 0 runs, 0 hits, 0 errors, 0 left on base; Peoria 1 - Atlanta (MID) 0 |
BOTTOM OF THE 4TH |
Atlanta (MID) Braves batting - Pitching for Peoria Chiefs : RHP Tristan Johnson
|
Batting: RHB Mike Shook
|
0-0: Ground out 4-3 (Groundball, 4, EV 106.2 MPH)
|
Batting: SHB Richello Badua
|
0-0: Called Strike 0-1: Foul Ball, location: 2F 0-2: Foul Ball, location: 2F 0-2: Ground out 4-3 (Groundball, 34D, EV 81.9 MPH)
|
Batting: LHB Tommy Williams
|
0-0: Called Strike 0-1: Fly out, F9 (Flyball, 9LM, EV 103.8 MPH)
|
Bottom of the 4th over - 0 runs, 0 hits, 0 errors, 0 left on base; Peoria 1 - Atlanta (MID) 0 |
TOP OF THE 5TH |
Peoria Chiefs batting - Pitching for Atlanta (MID) Braves : RHP Jae-young Jhang
|
Batting: LHB Robert Rauda
|
0-0: SINGLE (Groundball, 56, EV 106.2 MPH)
|
Batting: RHB Justin Reich
|
0-0: Ball Robert Rauda steals 2nd base 1-0: Foul Ball, location: 2F 1-1: Called Strike 1-2: Foul Ball, location: 2F 1-2: Ball 2-2: Foul Ball, location: 2F 2-2: Ball 3-2: SINGLE (Groundball, 56D, EV 88.1 MPH) (infield hit) Robert Rauda to third
|
Batting: RHB Josh Martin
|
0-0: Swinging Strike 0-1: Foul Ball, location: 2F 0-2: Strikes out looking
|
Batting: RHB Perry Huse
|
0-0: Called Strike 0-1: SINGLE (Line Drive, 34D, EV 106.9 MPH) Robert Rauda scores Justin Reich to second
|
Batting: SHB Bobby O'Leary
|
0-0: Called Strike 0-1: Ball 1-1: Foul Ball, location: 2F 1-2: SINGLE (Groundball, 25, EV 65.6 MPH) (infield hit) Justin Reich to third Perry Huse to second
|
Batting: RHB Melvin Enriquez
|
0-0: Called Strike 0-1: Ball 1-1: Swinging Strike 1-2: GRAND SLAM HOME RUN (Flyball, 78XD, EV 104.4 MPH), Distance : 426 ft
|
Pitching: RHP Tom Lessor
|
|
Batting: LHB Shigeru Ono
|
0-0: Ball 1-0: Ball 2-0: Called Strike 2-1: Hit by Pitch, AND HE CHARGES THE MOUND! The benches clear!
|
Pitching: RHP Todd Cox
|
|
Pinch Runner at 1st Dan Boykins:
|
|
Batting: RHB Terry Baginski
|
0-0: Foul Ball, location: 2F 0-1: Ball 1-1: Ball 2-1: SINGLE (Groundball, 6MD, EV 106.2 MPH) Dan Boykins to second Runner from 2nd tries for 3rd, SAFE, throw by CF made to third
|
Batting: RHB Travis Leonard
|
0-0: Ball 1-0: Ball Terry Baginski steals 2nd base 2-0: Fly out, F2 (Popup, 23F, EV 79.4 MPH)
|
Batting: LHB Robert Rauda
|
0-0: Ball 1-0: Called Strike 1-1: Ground out 4-3 (Groundball, 4, EV 100.0 MPH)
|
Top of the 5th over - 5 runs, 6 hits, 0 errors, 2 left on base; Peoria 6 - Atlanta (MID) 0 |
BOTTOM OF THE 5TH |
Atlanta (MID) Braves batting - Pitching for Peoria Chiefs : RHP Tristan Johnson
|
Batting: RHB Johnny Burroughs
|
0-0: Ball 1-0: Ball 2-0: Fly out, F7 (Flyball, 78S, EV 91.9 MPH)
|
Batting: LHB Mark Thomas
|
0-0: Ball 1-0: Foul Ball, location: 2F 1-1: Swinging Strike 1-2: Strikes out swinging
|
Batting: LHB Kevin Kantor
|
0-0: Called Strike 0-1: SINGLE (Groundball, 56S, EV 66.2 MPH) (infield hit)
|
Batting: SHB Brandon McClain
|
0-0: Called Strike 0-1: Ball 1-1: Fielders Choice at 2nd, 5-4 (Groundball, 6, EV 100.6 MPH)
|
Bottom of the 5th over - 0 runs, 1 hit, 0 errors, 1 left on base; Peoria 6 - Atlanta (MID) 0 |
TOP OF THE 6TH |
Peoria Chiefs batting - Pitching for Atlanta (MID) Braves : RHP Todd Cox
|
Batting: RHB Justin Reich
|
0-0: Ground out 5-3 (Groundball, 56S, EV 82.5 MPH)
|
Batting: RHB Josh Martin
|
0-0: Ball 1-0: Ball 2-0: Ball 3-0: Base on Balls
|
Batting: RHB Perry Huse
|
0-0: Ball 1-0: Called Strike 1-1: Ball 2-1: Ball 3-1: Called Strike 3-2: Ground out 6-3 (Groundball, 6, EV 85.0 MPH) Josh Martin to second
|
Batting: SHB Bobby O'Leary
|
0-0: Ball 1-0: Ball 2-0: Ball 3-0: Base on Balls
|
Batting: RHB Melvin Enriquez
|
0-0: Ball 1-0: Called Strike 1-1: Ball 2-1: Called Strike 2-2: Strikes out swinging
|
Top of the 6th over - 0 runs, 0 hits, 0 errors, 2 left on base; Peoria 6 - Atlanta (MID) 0 |
BOTTOM OF THE 6TH |
Atlanta (MID) Braves batting - Pitching for Peoria Chiefs : RHP Tristan Johnson
|
Batting: RHB Xavier Davis
|
0-0: Ball 1-0: Called Strike 1-1: Foul Ball, location: 2F 1-2: Foul Ball, location: 2F 1-2: Ball 2-2: Strikes out swinging
|
Batting: RHB Corey Dalton
|
0-0: Ball 1-0: Foul Ball, location: 2F 1-1: Foul Ball, location: 2F 1-2: Strikes out swinging
|
Batting: RHB Mike Shook
|
0-0: SINGLE (Groundball, 56D, EV 101.9 MPH)
|
Batting: SHB Richello Badua
|
0-0: Ball 1-0: DOUBLE (Flyball, 8RXD, EV 111.9 MPH) Mike Shook to third
|
Batting: LHB Tommy Williams
|
0-0: Called Strike 0-1: Ball 1-1: Foul Ball, location: 2F 1-2: Ball 2-2: Fly out, F8 (Flyball, 8LD, EV 99.4 MPH)
|
Bottom of the 6th over - 0 runs, 2 hits, 0 errors, 2 left on base; Peoria 6 - Atlanta (MID) 0 |
TOP OF THE 7TH |
Peoria Chiefs batting - Pitching for Atlanta (MID) Braves : RHP Todd Cox
|
Batting: RHB Dan Boykins
|
0-0: SOLO HOME RUN (Flyball, 9LD, EV 96.2 MPH), Distance : 349 ft
|
Batting: RHB Terry Baginski
|
0-0: Ball 1-0: Ball 2-0: Foul Ball, location: 2F 2-1: Fly out, F9 (Flyball, 89D, EV 99.4 MPH)
|
Batting: RHB Travis Leonard
|
0-0: DOUBLE (Line Drive, 89M, EV 87.5 MPH)
|
Batting: LHB Robert Rauda
|
0-0: Ball 1-0: Called Strike Travis Leonard steals 3rd base 1-1: Ball 2-1: Swinging Strike 2-2: Foul Ball, location: 2F 2-2: Strikes out looking
|
Batting: RHB Justin Reich
|
0-0: Ground out 4-3 (Groundball, 4S, EV 83.8 MPH)
|
Top of the 7th over - 1 run, 2 hits, 0 errors, 1 left on base; Peoria 7 - Atlanta (MID) 0 |
BOTTOM OF THE 7TH |
Atlanta (MID) Braves batting - Pitching for Peoria Chiefs : RHP Tristan Johnson
|
Batting: RHB Johnny Burroughs
|
0-0: Called Strike 0-1: Ball 1-1: Ball 2-1: DOUBLE (Flyball, 8LXD, EV 103.1 MPH)
|
Batting: LHB Mark Thomas
|
0-0: Foul Ball, location: 2F 0-1: Ground out 6-3 (Groundball, 6M, EV 85.6 MPH) Johnny Burroughs to third
|
Batting: LHB Kevin Kantor
|
0-0: Ground out 4-3 (Groundball, 4, EV 100.6 MPH) Johnny Burroughs scores
|
Batting: SHB Brandon McClain
|
0-0: Ball 1-0: Foul Ball, location: 2F 1-1: Foul Ball, location: 2F 1-2: Ground out U3 (Groundball, 3, EV 90.0 MPH)
|
Bottom of the 7th over - 1 run, 1 hit, 0 errors, 0 left on base; Peoria 7 - Atlanta (MID) 1 |
TOP OF THE 8TH |
Peoria Chiefs batting - Pitching for Atlanta (MID) Braves : RHP Todd Cox
|
Batting: RHB Josh Martin
|
0-0: Swinging Strike 0-1: Ball 1-1: Ball 2-1: Called Strike 2-2: Strikes out swinging
|
Pitching: RHP Andy Britton
|
|
Batting: RHB Perry Huse
|
0-0: Ball 1-0: Ball 2-0: Ball 3-0: Foul Ball, location: 2F 3-1: Swinging Strike 3-2: Foul Ball, location: 2F 3-2: Ground out 6-3 (Groundball, 6M, EV 111.9 MPH)
|
Batting: SHB Bobby O'Leary
|
0-0: Ball 1-0: Swinging Strike 1-1: Foul Ball, location: 2F 1-2: Foul Ball, location: 2F 1-2: Foul Ball, location: 2F 1-2: Foul Ball, location: 2F 1-2: Reaches on Catchers interference
|
Batting: RHB Melvin Enriquez
|
0-0: Ball Bobby O'Leary steals 2nd base 1-0: Ground out 5-3 (Groundball, 5S, EV 87.5 MPH)
|
Top of the 8th over - 0 runs, 0 hits, 1 error, 1 left on base; Peoria 7 - Atlanta (MID) 1 |
BOTTOM OF THE 8TH |
Atlanta (MID) Braves batting - Pitching for Peoria Chiefs : RHP Tristan Johnson
|
Pitching: RHP Rich Young
|
|
Batting: RHB Xavier Davis
|
0-0: SINGLE (Line Drive, 78S, EV 102.5 MPH)
|
Batting: RHB Corey Dalton
|
0-0: Reached on error, E3 (Groundball, 34S, EV 78.8 MPH) Xavier Davis to second
|
Pinch Hitting: LHB Travis Lazaro
|
0-0: Foul Ball, location: 2F 0-1: Ball 1-1: Ball 2-1: Foul Ball, location: 2F 2-2: Foul Ball, location: 2F 2-2: Ball 3-2: Base on Balls Xavier Davis to third Corey Dalton to second
|
Batting: SHB Richello Badua
|
0-0: Ball 1-0: Called Strike 1-1: Foul Ball, location: 2F 1-2: Ball 2-2: Strikes out swinging
|
Batting: LHB Tommy Williams
|
0-0: Ball Wild Pitch! Xavier Davis scores Corey Dalton to third Travis Lazaro to second 1-0: Called Strike 1-1: Swinging Strike 1-2: SINGLE (Groundball, 6S, EV 65.0 MPH) (infield hit) Corey Dalton scores Travis Lazaro to third
|
Batting: RHB Johnny Burroughs
|
0-0: Ball 1-0: Ball 2-0: Called Strike 2-1: DOUBLE (Line Drive, 89M, EV 107.5 MPH) Travis Lazaro scores Tommy Williams to third
|
Pitching: LHP Luis Herrera
|
|
Batting: LHB Mark Thomas
|
0-0: Swinging Strike 0-1: Ball 1-1: Foul Ball, location: 2F 1-2: Ball 2-2: Foul Ball, location: 2F 2-2: Strikes out swinging
|
Batting: LHB Kevin Kantor
|
0-0: Foul Ball, location: 2F 0-1: Ball 1-1: Ball 2-1: Foul Ball, location: 2F 2-2: Foul Ball, location: 2F 2-2: Ball 3-2: Foul Ball, location: 2F 3-2: Foul Ball, location: 2F 3-2: SINGLE (Groundball, 4D, EV 100.6 MPH) Tommy Williams scores Johnny Burroughs to third Runner from 3rd tries for Home, SAFE, throw by RF to home
|
Batting: SHB Brandon McClain
|
0-0: Ball 1-0: Swinging Strike 1-1: Ball 2-1: Ball 3-1: SINGLE (Flyball, 9LS, EV 96.2 MPH) Kevin Kantor to second Runner from 2nd tries for 3rd, OUT! 9-5
|
Bottom of the 8th over - 5 runs, 5 hits, 1 error, 1 left on base; Peoria 7 - Atlanta (MID) 6 |
TOP OF THE 9TH |
Peoria Chiefs batting - Pitching for Atlanta (MID) Braves : RHP Andy Britton
|
Now at 1B: Travis Lazaro
|
|
Batting: LHB Jay Fenderson
|
0-0: Called Strike 0-1: Called Strike 0-2: Strikes out looking
|
Batting: RHB Terry Baginski
|
0-0: Called Strike 0-1: Foul Ball, location: 2F 0-2: Ball 1-2: Foul Ball, location: 2F 1-2: Fly out, F4 (Popup, 34, EV 63.1 MPH)
|
Batting: RHB Travis Leonard
|
0-0: Ball 1-0: Ground out 4-3 (Groundball, 4, EV 90.6 MPH)
|
Top of the 9th over - 0 runs, 0 hits, 0 errors, 0 left on base; Peoria 7 - Atlanta (MID) 6 |
BOTTOM OF THE 9TH |
Atlanta (MID) Braves batting - Pitching for Peoria Chiefs : LHP Luis Herrera
|
Pitching: RHP El-Shamy Saami
|
|
Batting: RHB Xavier Davis
|
0-0: Called Strike 0-1: Ball 1-1: Ball 2-1: Ground out 4-3 (Groundball, 4, EV 99.4 MPH)
|
Batting: RHB Corey Dalton
|
0-0: Called Strike 0-1: Ball 1-1: Foul Ball, location: 2F 1-2: Foul Ball, location: 2F 1-2: Strikes out swinging
|
Batting: LHB Travis Lazaro
|
0-0: Ball 1-0: Ball 2-0: Foul Ball, location: 2F 2-1: Foul Ball, location: 2F 2-2: Strikes out swinging
|
Bottom of the 9th over - 0 runs, 0 hits, 0 errors, 0 left on base; Peoria 7 - Atlanta (MID) 6 |
|